 Dungeon Crawl Stone Soup version 0.21-a0-509-gecc5317 (webtiles) character file.

529 BingusPrime the Insei (level 7, 0/52 HPs)
             Began as a Red Draconian Transmuter on Nov 30, 2017.
             Slain by an orc priest
             ... wielding a +0 spear
              (5 damage)
             ... on level 4 of the Dungeon.
             The game lasted 00:18:56 (4109 turns).

BingusPrime the Insei (Red Draconian Transmuter)    Turns: 4109, Time: 00:18:56

Health: 0/52       AC:  2    Str: 12    XL:     7   Next: 3%
Magic:  1/13       EV: 19    Int: 13    God:
Gold:   140        SH:  0    Dex: 19    Spells: 8/14 levels left

rFire    . . .     SeeInvis .     - Unarmed
rCold    . . .     Gourm    .   (shield currently unavailable)
rNeg     . . .     Faith    .   (armour unavailable)
rPois    x         Spirit   .   (helmet currently unavailable)
rElec    .         Reflect  .   (cloak currently unavailable)
rCorr    .         Harm     .   (gloves currently unavailable)
MR       .....                  (boots currently unavailable)
Stlth    ++........             (no amulet)
HPRegen  0.17/turn              (no ring)
MPRegen  0.13/turn              (no ring)

@: lethally poisoned (0 -> 0), spider-form, very slightly contaminated
A: tiny, (breathe fire), unfitting armour, AC +6
a: End Transformation


You were on level 4 of the Dungeon.
You were not hungry.
You were a venomous arachnid creature.
You visited 1 branch of the dungeon, and saw 5 of its levels.

You collected 140 gold pieces.

Inventory:

Hand Weapons
 n - a +2 whip of flaming
 p - a cursed -2 long sword
Missiles
 a - 44 arrows
 t - 8 tomahawks (quivered)
Jewellery
 o - an uncursed ring of protection from fire {unknown}
Scrolls
 d - 2 scrolls of teleportation
 g - a scroll of amnesia {unknown}
 q - a scroll of enchant armour {unknown}
 r - 6 scrolls of remove curse {unknown}
Potions
 e - 2 potions of curing
 f - 2 potions of might
 j - 2 potions of mutation
 k - a potion of cancellation {unknown}
 l - a potion of flight
 m - 2 potions of degeneration {unknown}
 s - a potion of lignification {unknown}
Books
 b - a book of Changes

   Spells                             Type                      Level
   a - Beastly Appendage              Transmutation                1
   b - Sticks to Snakes               Transmutation                2
   c - Spider Form                    Transmutation/Poison         3
   d - Ice Form                       Ice/Transmutation            4
   e - Blade Hands                    Transmutation                5
Comestibles
 c - 3 bread rations
 h - 2 meat rations
 u - a royal jelly


   Skills:
 - Level 1.1 Fighting
 - Level 1.8 Dodging
 + Level 1.2 Stealth
 * Level 5.5 Unarmed Combat
 * Level 4.2 Spellcasting
 * Level 4.0 Transmutations


You had 8 spell levels left.
You knew the following spells:

 Your Spells              Type           Power        Failure   Level  Hunger
a - Beastly Appendage     Tmut           ##....       12%         1    None
b - Spider Form           Tmut/Pois      #.........   47%         3    ###....
c - Sticks to Snakes      Tmut           ##......     17%         2    ##.....


Dungeon Overview and Level Annotations

Branches:
Dungeon (5/15)
 Temple: D:4-7

Altars:
Sif Muna
Trog


Innate Abilities, Weirdness & Mutations

((You can breathe blasts of fire.))
((Your fiery red scales are hard. (AC +6)))
You cannot fit into any form of body armour.
((Your flesh is heat resistant. (rF+)))
((You are cold-blooded and may be slowed by cold attacks.))


Message History

You can breathe blasts of fire.
You feel resistant to heat.
You feel a bit more experienced.
The orc priest looks satisfied for a moment.
Your transformation has ended.
You feel sick.
Okay, then.
Press: ? - help, Shift-Dir - straight line
Okay, then.
As you read the scroll of fog, it crumbles to dust.
The scroll dissolves into smoke.
Casting: Spider Form
Confirm with . or Enter, or press ? or * to list all spells.
You miscast Spider Form.
Waves of light ripple over your body.
Casting: Spider Form
Confirm with . or Enter, or press ? or * to list all spells.
You turn into a venomous arachnid creature.
You feel sick.
The orc priest hits you from afar with a spear.
You die...

#.....### ..⌠#⌠.....
#####.#...... ...##.####
#.........#### ....#.. #..
#............# .....#. #.#
#....)÷....#.######.(.## #(#
#...>#)###.#............ ##.#
#....#.......o..§§......## #..#
############§###o§...#...###.##
#§§s§§#.#.# #..##.##
##§§§§....###.......
#§#§§..#...........
#...........##...#.
###.###............ ##.#
####...#..... #..# ###.#.....)#
#.#####...##......
#.......######.###


You could see an orc priest.

Vanquished Creatures
  3 orc priests
  6 orc wizards
  An iguana (D:4)
  3 worker ants (D:4)
  A hound skeleton (D:4)
  5 adders
  2 oozes
  An adder skeleton (D:4)
  3 worms
  2 dart slugs (D:1)
  2 leopard geckos
  11 orcs
  10 bats
  7 giant cockroaches
  9 goblins
  5 hobgoblins
  3 jackals (D:1)
  3 quokkas
  A ball python (D:3)
  2 frilled lizards
  A giant cockroach zombie (D:3)
  11 kobolds
  5 rats
97 creatures vanquished.

Vanquished Creatures (collateral kills)
  An orc (D:3)
1 creature vanquished.

Grand Total: 98 creatures vanquished

Notes
Turn   | Place    | Note
-------+----------+-------------------------------------------
     0 | D:1      | BingusPrime the Draconian Transmuter began the quest for the Orb.
     0 | D:1      | Reached XP level 1. HP: 16/16 MP: 3/3
    63 | D:1      | Reached XP level 2. HP: 23/23 MP: 3/5
   379 | D:1      | Reached XP level 3. HP: 28/28 MP: 4/6
   388 | D:1      | Learned a level 3 spell: Spider Form
   391 | D:1      | Learned a level 2 spell: Sticks to Snakes
  1004 | D:2      | Reached skill level 4 in Unarmed Combat
  1004 | D:2      | Reached XP level 4. HP: 27/35 MP: 2/7
  1404 | D:2      | Found a faded altar of an unknown god.
  2075 | D:3      | Reached XP level 5. HP: 19/40 MP: 5/9
  2307 | D:3      | Found a bloodstained altar of Trog.
  3247 | D:4      | Reached skill level 1 in Stealth
  3247 | D:4      | Reached skill level 5 in Unarmed Combat
  3247 | D:4      | Reached XP level 6. HP: 47/47 MP: 7/11
  3809 | D:4      | Found a deep blue altar of Sif Muna.
  4085 | D:5      | Entered Level 5 of the Dungeon
  4102 | D:4      | Your scales start taking on a fiery red colour.
  4102 | D:4      | Reached XP level 7. HP: 6/52 MP: 6/13
  4102 | D:4      | Gained mutation: Your flesh is heat resistant. (rF+) [Red Draconian growth]
  4109 | D:4      | Slain by an orc priest

Vault maps used:
D:1:      dpeg_arrival_tiny_f, st_stairs_14
D:2:      chequers_ecumenical_altar_simple_redux
D:3:      bloody_trog, guppyfry_early_orc_mine
D:4:      kennysheep_goblin_castle, nicolae_overflow_quartered_altars,
          fedhas_altar_fruit_tree
D:5:      minmay_temple_entry_butterflies, serial_shops, kennysheep_little_box,
          first_bread, serial_aquarium, aquarium_bridge_square,
          aquarium_window_1, aquarium_window_1, aquarium_view_2c,
          kb_lookout_dungeons_type

Skill      XL: |  1  2  3  4  5  6 |
---------------+-------------------+-----
Unarmed Combat | 4 5 |  5.5
Transmutations | 3 4 |  4.0
Spellcasting   | 3 4 |  4.2
Stealth        | 1 |  1.2
Fighting       | |  1.1
Dodging        | |  1.8

Action                   |  1- 3 |  4- 6 |  7- 9 || total
-------------------------+-------+-------+-------++-------
Melee: Unarmed           |   102 |   163 |       ||   265
       Kick              |    12 |     4 |       ||    16
       Tailslap          |     8 |    10 |       ||    18
       Headbutt          |     1 |     3 |       ||     4
       Punch             |     1 |     1 |       ||     2
 Cast: Beastly Appendage |    16 |    16 |       ||    32
       Spider Form       |     5 |    22 |     1 ||    28
       Sticks to Snakes  |       |     4 |       ||     4
  Use: Scroll            |     7 |       |     1 ||     8
       Potion            |       |     1 |       ||     1
 Stab: Sleeping          |     2 |     1 |       ||     3
  Eat: Chunk             |     1 |     9 |       ||    10
       Meat ration       |       |     1 |       ||     1
Armor: Skin              |    37 |    45 |       ||    82
Dodge: Dodged            |    91 |   181 |       ||   272

Table legend:
 A = Spawn XP
 B = Non-spawn XP
 C = Spawn XP percentage of total XP
 D = Spawn monster count
 E = Non-spawn monster count
 F = Spawn count percentage of total count
 G = Total turns spent on level
                    A         B        C        D         E        F      G
               +---------+---------+-------+---------+---------+-------+---------
         Total |       0 |     757 |   0.0 |       0 |      98 |   0.0 |  4109
               +---------+---------+-------+---------+---------+-------+---------
           D:1 |       0 |      53 |   0.0 |       0 |      26 |   0.0 |   927
           D:2 |       0 |      65 |   0.0 |       0 |      18 |   0.0 |   792
           D:3 |       0 |     241 |   0.0 |       0 |      35 |   0.0 |  1696
           D:4 |       0 |     398 |   0.0 |       0 |      19 |   0.0 |   692
               +---------+---------+-------+---------+---------+-------+---------
